 Dungeon Crawl Stone Soup version 0.23-a0-296-ga3b1b28 (webtiles) character file.

1323 Amnesiac the Thaumaturge (level 8, 0/52 HPs)
             Began as a Mummy Wizard on Oct 5, 2018.
             Was a Believer of Vehumet.
             Slain by an ogre
             ... wielding a +0 giant spiked club
              (19 damage)
             ... on level 5 of the Dungeon.
             The game lasted 00:06:50 (4670 turns).

Amnesiac the Thaumaturge (Mummy Wizard)             Turns: 4670, Time: 00:06:51

Health: 0/52       AC:  5    Str: 10    XL:     8   Next: 33%
Magic:  22/24      EV: 11    Int: 19    God:    Vehumet [**....]
Gold:   157        SH:  0    Dex: 11    Spells: 20/31 levels left

rFire    . . .     SeeInvis .   a - +0 dagger (venom)
rCold    + . .     Gourm    .   (no shield)
rNeg     + + +     Faith    .   i - +2 leather armour {rF+}
rPois    ∞         Spirit   .   (no helmet)
rElec    .         Reflect  .   (no cloak)
rCorr    .         Harm     .   (no gloves)
MR       +....                  (no boots)
Stlth    ++........             k - amulet of regeneration
HPRegen  0.57/turn              h - ring of flight
MPRegen  0.19/turn              j - ring of stealth

@: no status effects
A: no food or potions, fire vulnerability, cold resistance 1, negative energy
resistance 3, torment resistance, unbreathing
a: Renounce Religion, Evoke Flight


You were on level 5 of the Dungeon.
You worshipped Vehumet.
Vehumet was pleased with you.
You were not hungry.

You visited 1 branch of the dungeon, and saw 5 of its levels.

You collected 157 gold pieces.

Inventory:

Hand Weapons
 a - a +0 dagger of venom (weapon)
 b - a +2 dagger of speed
Armour
 i - a +2 leather armour of fire resistance (worn)
 o - a +0 shield
Jewellery
 h - a ring of flight (left hand)
 j - a ring of stealth (right hand)
 k - an amulet of regeneration (around neck)
Scrolls
 c - 2 scrolls of remove curse {!r}
 d - a scroll of blinking {!r, unknown}
 e - 6 scrolls of identify {!r, unknown}
 f - a scroll of amnesia {!r, unknown}
 g - a scroll of teleportation {!r, unknown}
 l - a scroll of noise {!r, unknown}
 m - a scroll of enchant weapon {!r, unknown}
 n - a scroll of random uselessness {!r, unknown}


   Skills:
 - Level 1.5 Dodging
 - Level 1.5 Stealth
 + Level 12.4 Spellcasting
 - Level 0.7 Conjurations
 - Level 0.7 Summonings
 - Level 0.7 Translocations


You had 20 spell levels left.
You knew the following spells:

 Your Spells              Type           Power        Failure   Level  Hunger
a - Magic Dart            Conj           ##..         6%          1    N/A
b - Call Imp              Summ           ##......     9%          2    N/A
e - Mephitic Cloud        Conj/Pois/Air  ##......     22%         3    N/A
s - Conjure Flame         Conj/Fire      ##......     21%         3    N/A
v - Blink                 Tloc           N/A          9%          2    N/A

Your spell library contained the following spells:

 Spells                   Type           Power        Failure   Level  Hunger
 Throw Flame              Conj/Fire      ##....       11%         2    N/A
 Slow                     Hex            ##......     12%         2    N/A

Dungeon Overview and Level Annotations

Branches:
Dungeon (5/15)             Temple (0/1) D:4

Altars:
Ashenzari
Kikubaaqudgha
Okawaru
Qazlal
Sif Muna
Vehumet


Innate Abilities, Weirdness & Mutations

You do not eat or drink.
Your flesh is vulnerable to fire.
You are immune to poison.
Your flesh is cold resistant. (rC+)
You are immune to negative energy. (rN+++)
You are immune to unholy pain and torment.
You can survive without breathing.


Message History

A worker ant is nearby!
The worker ant bites you.
You closely miss the worker ant. The worker ant bites you.
You barely miss the worker ant. The worker ant closely misses you.
You barely miss the worker ant. The worker ant closely misses you.
You barely miss the worker ant. The worker ant bites you.
You hit the worker ant but do no damage.
The worker ant is poisoned.
The worker ant closely misses you.
You hit the worker ant.
The worker ant looks as sick as possible!
The worker ant is heavily wounded.
You kill the worker ant!
Vehumet accepts your kill.
No target in view!
No target in view!
HP restored.
An ogre comes into view. It is wielding a giant spiked club.
The ogre moves out of view.
A bullfrog zombie comes into view.
The ogre shouts!
The ogre hits you with a giant spiked club.
There are monsters nearby!
There are monsters nearby!
Casting: Mephitic Cloud (safe; 22% risk of failure)
Confirm with . or Enter, or press ? or * to list all spells.
Aiming: Mephitic Cloud (safe; 22% risk of failure)
Press: ? - help, Shift-Dir - straight line, f - ogre
Aim: an ogre, wielding a giant spiked club The ball explodes into a vile cloud!
The stinking cloud engulfs the ogre.
The stinking cloud engulfs you!
The ogre is engulfed in noxious fumes.
The ogre misses you.
Unknown command.
You hit the ogre.
The ogre is poisoned.
The ogre is moderately wounded.
The ogre is engulfed in noxious fumes.
The ogre appears confused.
You hit the ogre.
The ogre looks as sick as possible!
The ogre is heavily wounded.
The ogre is engulfed in noxious fumes.
Casting: Mephitic Cloud (safe; 22% risk of failure)
Confirm with . or Enter, or press ? or * to list all spells.
Aiming: Conjure Flame (safe; 21% risk of failure)
Press: ? - help, Dir - move target cursor, p - ogre The fire ignites!
The bullfrog zombie misses you.
You barely miss the bullfrog zombie.
The bullfrog zombie is engulfed in blazing flames.
The bullfrog zombie barely misses you.
The bullfrog zombie is engulfed in blazing flames.
The bullfrog zombie barely misses you.
You barely miss the bullfrog zombie.
The bullfrog zombie is severely damaged.
The bullfrog zombie is engulfed in blazing flames.
You destroy the bullfrog zombie!
Vehumet accepts your kill.
You feel your power returning.
The ogre seems less confused.
The ogre hits you with a giant spiked club!
You hit the ogre.
The ogre looks as sick as possible!
The ogre is severely wounded.
The ogre hits you with a giant spiked club!!
* * * LOW HITPOINT WARNING * * *
You hit the ogre.
The ogre looks as sick as possible!
The ogre is almost dead.
The ogre hits you with a giant spiked club!!
You die...

######.#.#..####.#######.##.##.#
...............................#
.#######.##################.####
.....)##.##......# #.#
.####.##.##... ..#
..###.#...#.####.# ####
..............##.##.....
#.###.#...#.#....O..# #.#
#.##.##.####@#
#.###.#####......# #.....#
#...§..# ..###.# ########
..)...# .####.## .# #...####
.###.#....# .#........#


You could see an ogre.

Vanquished Creatures
  Sigmund (D:5)
  A sky beast (D:5)
  2 ogres
  2 scorpions
  A quasit (D:4)
  2 bullfrog zombies (D:5)
  3 hounds
  A bullfrog skeleton (D:4)
  5 orc wizards
  An iguana (D:4)
  Natasha (thrice) (D:4)
  7 worker ants
  2 hound skeletons
  A worker ant zombie (D:5)
  7 adders
  A shadow imp (D:5)
  4 dart slugs
  A leopard gecko (D:3)
  18 orcs
  5 bats
  3 giant cockroaches
  12 goblins
  3 hobgoblins
  6 jackals
  2 quokkas
  A ball python (D:3)
  3 frilled lizards
  5 kobolds
  A leopard gecko skeleton (D:4)
  4 rats
108 creatures vanquished.

Vanquished Creatures (collateral kills)
  An orc (D:3)
1 creature vanquished.

Grand Total: 109 creatures vanquished

Notes
Turn   | Place    | Note
-------+----------+-------------------------------------------
     0 | D:1      | Amnesiac the Mummy Wizard began the quest for the Orb.
     0 | D:1      | Reached XP level 1. HP: 13/13 MP: 5/5
   243 | D:1      | Reached XP level 2. HP: 19/19 MP: 4/7
   247 | D:1      | Learned a level 2 spell: Blink
   250 | D:1      | Learned a level 2 spell: Call Imp
   641 | D:2      | Reached skill level 5 in Spellcasting
   838 | D:2      | Reached XP level 3. HP: 22/24 MP: 9/9
   843 | D:2      | Learned a level 3 spell: Conjure Flame
   847 | D:2      | Learned a level 3 spell: Mephitic Cloud
  1363 | D:3      | Found a radiant altar of Vehumet.
  1364 | D:3      | Found a stormy altar of Qazlal.
  1365 | D:3      | Found an ancient bone altar of Kikubaaqudgha.
  1365 | D:3      | Found an iron altar of Okawaru.
  1366 | D:3      | Found a deep blue altar of Sif Muna.
  1369 | D:3      | Became a worshipper of Vehumet
  1406 | D:3      | Reached skill level 6 in Spellcasting
  1406 | D:3      | Reached XP level 4. HP: 27/30 MP: 9/12
  1653 | D:3      | Reached skill level 7 in Spellcasting
  1744 | D:3      | Reached XP level 5. HP: 32/35 MP: 11/14
  3319 | D:4      | Reached skill level 8 in Spellcasting
  3373 | D:4      | Reached * piety under Vehumet
  3373 | D:4      | Offered knowledge of Sandblast by Vehumet.
  3373 | D:4      | Reached XP level 6. HP: 40/41 MP: 13/17
  3440 | D:4      | Noticed Natasha
  3489 | D:4      | Killed Natasha
  3494 | D:4      | Reached skill level 9 in Spellcasting
  3528 | D:4      | Found a staircase to the Ecumenical Temple.
  3601 | D:4      | Noticed Natasha
  3618 | D:4      | Killed Natasha
  3646 | D:4      | Found a shattered altar of Ashenzari.
  3725 | D:4      | Reached XP level 7. HP: 32/46 MP: 16/20
  3782 | D:4      | Noticed Natasha
  3796 | D:4      | Killed Natasha
  3796 | D:4      | Reached skill level 10 in Spellcasting
  4183 | D:5      | Entered Level 5 of the Dungeon
  4253 | D:5      | Offered knowledge of Throw Flame by Vehumet.
  4255 | D:5      | Reached ** piety under Vehumet
  4303 | D:5      | Reached skill level 11 in Spellcasting
  4431 | D:5      | Reached XP level 8. HP: 41/52 MP: 21/23
  4573 | D:5      | Noticed Sigmund
  4597 | D:5      | Killed Sigmund
  4597 | D:5      | Reached skill level 12 in Spellcasting
  4670 | D:5      | Slain by an ogre

Vault maps used:
D:1:      tarquinn_simple_flora_water_b, serial_corexii_hall,
          corexii_hall_statues_s, corexii_hall_statues_x, st_stairs_9
D:2:      first_ration
D:3:      grunt_temple_overflow_open
D:4:      minmay_temple_entry_hall, nicolae_ashenzari_panopticon, uniq_natasha
D:5:      old_standard_altar, kennysheep_okawaru_gauntlet, uniq_sigmund

Skill      XL: |  1  2  3  4  5  6  7  8 |
---------------+-------------------------+-----
Spellcasting   | 5 6 7 8 9 11 12 | 12.4
Dodging        | |  1.5
Stealth        | |  1.5
Conjurations   | |  0.7
Summonings     | |  0.7
Translocations | |  0.7

Action                   |  1- 3 |  4- 6 |  7- 9 || total
-------------------------+-------+-------+-------++-------
Melee: Unarmed           |     1 |       |       ||     1
       Dagger            |       |   193 |   179 ||   372
 Fire: Hunting sling     |    67 |    37 |       ||   104
 Cast: Magic Dart        |    18 |       |       ||    18
       Call Imp          |     3 |     1 |       ||     4
       Mephitic Cloud    |     1 |     9 |     4 ||    14
       Conjure Flame     |       |     4 |     3 ||     7
  Use: Scroll            |       |     1 |       ||     1
 Stab: Sleeping          |       |     3 |     1 ||     4
       Confused          |       |     1 |     2 ||     3
Armor: Robe              |     5 |     5 |       ||    10
       Leather armour    |       |    86 |    43 ||   129
Dodge: Dodged            |    31 |   154 |    94 ||   279

Table legend:
 A = Non-vault XP
 B = Vault XP
 C = Vault XP percentage of total XP
 D = Non-vault monster count
 E = Vault monster count
 F = Vault count percentage of total count
                 A         B        C        D         E       F
            +---------+---------+-------+---------+---------+-------
      Total |    1624 |     267 |  14.1 |     105 |       4 |   3.7
            +---------+---------+-------+---------+---------+-------
        D:1 |      28 |       5 |  15.2 |      14 |       2 |  12.5
        D:2 |      66 |       0 |   0.0 |      19 |       0 |   0.0
        D:3 |     176 |       0 |   0.0 |      21 |       0 |   0.0
        D:4 |     685 |      35 |   4.9 |      32 |       1 |   3.0
        D:5 |     669 |     227 |  25.3 |      19 |       1 |   5.0
            +---------+---------+-------+---------+---------+-------
